 Dungeon Crawl Stone Soup version 0.24-a0-493-g7e4ddcd485 (webtiles) character file.

Game seed: 7086808613884772947

138 KristoblXynda the Slasher (level 5, -2/41 HPs)
             Began as a Draconian Skald on July 12, 2019.
             Slain by Purgy (4 damage)
             ... in a sewer.
             The game lasted 00:03:58 (2557 turns).

KristoblXynda the Slasher (Draconian Skald)         Turns: 2557, Time: 00:03:59

Health: -2/41      AC:  5    Str: 15    XL:     5   Next: 1%
Magic:  5/8        EV: 13    Int: 13    God:
Gold:   156        SH:  0    Dex: 13    Spells: 0/8 levels left

rFire    . . .     SeeInvis .   a - +0 falchion
rCold    . . .     Gourm    .   (no shield)
rNeg     . . .     Faith    .   (armour unavailable)
rPois    .         Spirit   .   (helmet restricted)
rElec    .         Reflect  .   (no cloak)
rCorr    .         Harm     .   (no gloves)
MR       .....                  (no boots)
Stlth    +.........             (no amulet)
HPRegen  1.13/turn              l - +3 ring of dexterity
MPRegen  0.11/turn              (no ring)

@: very slightly contaminated, regenerating (expiring)
A: unfitting armour, cold-blooded, AC +5
a: no special abilities


You were in a sewer.
You were very hungry.

You visited 1 branch of the dungeon, and saw 3 of its levels.
You also visited: Sewer.

You collected 156 gold pieces.

Inventory:

Hand Weapons
 a - a +0 falchion (weapon)
Jewellery
 l - a +3 ring of dexterity (left hand)
Scrolls
 f - 2 scrolls of enchant armour
 g - a scroll of blinking {unknown}
 h - a scroll of remove curse {unknown}
 n - 2 scrolls of teleportation
Potions
 b - a potion of brilliance
 e - a potion of agility
 j - a potion of cancellation
Comestibles
 c - 4 rations


   Skills:
 - Level 2.1 Fighting
 * Level 3.9 Long Blades
 + Level 3.0 Dodging
 - Level 2.0 Spellcasting
 + Level 3.4 Charms


You couldn't memorise any spells.
You knew the following spells:

 Your Spells              Type           Power        Failure   Level  Hunger
a - Infusion              Chrm           ##..         6%          1    ##.....
b - Regeneration          Chrm/Necr      #.........   36%         3    ####...
c - Shroud of Golubria    Chrm/Tloc      #.....       19%         2    ###....
d - Song of Slaying       Chrm           ##......     10%         2    ###....

Your spell library contained the following spells:

 Spells                   Type           Power        Failure   Level  Hunger
 Spectral Weapon          Hex/Chrm       #.......     36%         3    ####...


Dungeon Overview and Level Annotations

Branches:
Dungeon (3/15)

Altars:
Okawaru

Annotations:
Sewer Purgy


Innate Abilities, Weirdness & Mutations

Your plain brown scales are hard. (AC +5)
You cannot fit into any form of body armour.
You are cold-blooded and may be slowed by cold attacks.


Message History

Purgy barely misses you.
You riposte.
You miss Purgy.
Purgy is severely wounded.
Purgy closely misses you. Purgy claws you but does no damage.
Okay, then.
You aren't carrying any items that you can evoke.
Purgy is nearby!
Unknown command.
You closely miss Purgy.
Your tail-slap misses Purgy.
Purgy is severely wounded.
Purgy bites you.
* * * LOW HITPOINT WARNING * * *
Purgy claws you but does no damage. Purgy claws you.
* * * LOW HITPOINT WARNING * * *
Unknown command.
As you read the scroll labeled FUWUHAUDGHE, it crumbles to dust.
You feel aware of your surroundings.
You sensed 2 shops/portals.
It was a scroll of magic mapping.
You are feeling very hungry.
Purgy bites you.
You die...

###≈≈≈≈≈≈≈≈≈≈≈≈≈≈≈≈≈≈**
###≈≈≈≈≈≈≈≈≈≈≈≈≈≈≈≈≈≈≈≈≈≈
##≈≈≈≈≈≈≈≈≈≈≈≈≈≈≈≈≈≈≈≈≈≈≈≈
#≈≈≈≈≈≈≈≈≈≈≈≈≈≈≈≈≈≈≈≈≈≈≈≈≈
#≈≈≈≈≈≈≈≈≈≈≈≈≈≈.≈≈≈≈≈≈≈≈≈≈
##≈≈≈≈≈≈≈≈≈≈≈###...≈≈≈≈≈≈≈≈
#≈≈≈≈≈≈≈≈≈..## *#.#.≈≈≈≈≈≈≈
#≈≈≈≈≈≈≈≈≈T.# *##*#.≈≈≈≈≈
###≈≈≈≈≈≈≈##@## **#,≈≈≈
#≈≈≈≈≈≈≈≈##### **,,≈
*#≈≈≈≈≈≈.# ***, ##≈≈≈≈.###
*,, **#≈≈≈≈≈≈.# ***** *,,
#≈≈≈≈≈≈≈≈.# *,,,*******≈
*##≈≈≈≈≈≈≈≈## *,∩,≈≈,≈,≈≈≈
*≈≈≈≈≈≈≈≈≈≈∩# *,,,*******≈
*#≈≈≈≈≈≈≈≈≈∩# ***** *≈


You could see Purgy.

Vanquished Creatures
  7 adders
  A worm (D:2)
  2 dart slugs
  A leopard gecko (D:1)
  4 ball pythons
  7 bats
  4 giant cockroaches
  6 goblins
  7 hobgoblins
  9 jackals
  A quokka (D:2)
  9 frilled lizards
  A giant cockroach zombie (D:1)
  3 kobolds
  A quokka zombie (D:1)
  8 rats
71 creatures vanquished.

Notes
Turn   | Place    | Note
-------+----------+-------------------------------------------
     0 | D:1      | KristoblXynda the Draconian Skald began the quest for the
                  | Orb.
     0 | D:1      | Reached XP level 1. HP: 17/17 MP: 3/3
   172 | D:1      | Reached XP level 2. HP: 23/24 MP: 5/5
   667 | D:1      | Reached XP level 3. HP: 24/29 MP: 6/6
   918 | D:1      | Learned a level 3 spell: Regeneration
   921 | D:1      | Learned a level 2 spell: Shroud of Golubria
  1295 | D:2      | Reached XP level 4. HP: 22/36 MP: 3/7
  1630 | D:2      | Found an iron altar of Okawaru.
  2469 | D:3      | Found a glowing drain.
  2488 | Sewer    | Entered a sewer
  2505 | Sewer    | Reached XP level 5. HP: 39/41 MP: 8/8
  2513 | Sewer    | Learned a level 2 spell: Song of Slaying
  2527 | Sewer    | Noticed Purgy
  2556 | Sewer    | HP: 1/41 [Purgy (3)]
  2557 | Sewer    | Slain by Purgy

Levels and vault maps discovered:
D:1:      saegor_arrival_fortress, layout_loops_corners,
          wander_ebering_terrifying_dragon_lair
D:2:      minmay_chambers_of_ones, layout_loops_cross, okawaru_gym_becter
D:3:      layout_loops_ring, first_ration, cheibrodos_sewer_entry_drain
Sewer:    sewer_co_purgy_island

Skill      XL: |  1  2  3  4 |
---------------+-------------+-----
Charms         | 3 |  3.4
Long Blades    | 3 |  3.9
Dodging        | 3 |  3.0
Fighting       | |  2.1
Spellcasting   | |  2.0

Action                   |  1- 3 |  4- 6 || total
-------------------------+-------+-------++-------
Melee: Falchion          |   114 |   113 ||   227
       Tailslap          |    11 |     9 ||    20
 Cast: Infusion          |     2 |     2 ||     4
       Regeneration      |       |     1 ||     1
       Shroud of Golubri |       |     1 ||     1
  Use: Potion            |     2 |     2 ||     4
       Scroll            |     1 |     4 ||     5
 Stab: Sleeping          |       |     4 ||     4
  Eat: Chunk             |     1 |     4 ||     5
Armor: Skin              |    41 |    36 ||    77
Dodge: Dodged            |    72 |   102 ||   174
       Rpst.: Falchion   |    22 |    26 ||    48

Table legend:
 A = Non-vault XP
 B = Vault XP
 C = Vault XP percentage of total XP
 D = Non-vault monster count
 E = Vault monster count
 F = Vault count percentage of total count
                 A         B        C        D         E       F
            +---------+---------+-------+---------+---------+-------
      Total |     178 |      20 |  10.1 |      56 |      15 |  21.1
            +---------+---------+-------+---------+---------+-------
        D:1 |      50 |       2 |   3.8 |      30 |       2 |   6.2
        D:2 |     103 |       9 |   8.0 |      18 |       5 |  21.7
        D:3 |      25 |       4 |  13.8 |       8 |       3 |  27.3
      Sewer |       0 |       5 | 100.0 |       0 |       5 | 100.0
            +---------+---------+-------+---------+---------+-------
